Blackhawks vs Sharks
Created - November 6, 2018 at 19:15
Goals
|
Blackhawks |
1 |
3 |
0 |
4 |
Sharks |
2 |
1 |
4 |
7 |
|
Shots
|
Blackhawks |
11 |
13 |
14 |
38 |
Sharks |
10 |
16 |
12 |
38 |
|
1st period
1. Sharks , Nick Palmieri 3 (Kevin Shattenkirk 11, T.J. Hensick 4) at 7:45
2. Blackhawks , Michael Frolik 5 (Lasse Kukkonen 2) at 15:59
3. Sharks , Damien Brunner 3 (Rob Schremp 4, Andrej Sekera 4) at 18:31
Penalties :
Frans Nielsen (SJS) for Holding (Minor) at 0:22, Rick Nash (Chi) for Hooking (Minor) at 19:02
2nd period
4. Sharks , Kevin Shattenkirk 2 (Oskar Osala 8, Nick Palmieri 2) at 0:36 (PP)
5. Blackhawks , Derick Brassard 11 (Antoine Roussel 11) at 2:57
6. Blackhawks , Michael Frolik 6 (Peter Regin 4) at 6:43
7. Blackhawks , Tyler Kennedy 1 (Joni Pitkanen 2, Mason Raymond 1) at 17:07
Penalties :
Mike Green (Chi) for Tripping (Minor) at 11:05, Maxim Kondratiev (SJS) for Holding (Minor) at 14:37
3rd period
8. Sharks , Maxim Afinogenov 2 (Frans Nielsen 8, Ted Purcell 6) at 6:29
9. Sharks , Ted Purcell 6 (Kevin Shattenkirk 12, Frans Nielsen 9) at 14:17 (PP)
10. Sharks , Frans Nielsen 6 (Kevin Shattenkirk 13) at 14:30
11. Sharks , Maxim Afinogenov 3 (Frans Nielsen 10, Ted Purcell 7) at 17:23
Penalties :
Rick Nash (Chi) for Roughing (Minor) at 6:32, Rick Nash (Chi) for Interference (Minor) at 11:04, Derick Brassard (Chi) for Cross-checking (Minor) at 13:58
Goalie Stats
Jimmy Howard (Chi), 31 saves from 38 shots - (0.816), L, 4-5-0, 60:00 minutes
Brent Krahn (SJS), 34 saves from 38 shots - (0.895), W, 2-2-0, 60:00 minutes
Players Stats for Blackhawks
Player Name G A P +/- PIM S H SB GA TA FO MP PP MP PK MP
------------------------------------------------------------------------------------
Antoine Roussel 0 1 1 0 0 2 0 1 2 0 0/1 23:56 2:11 5:03
Cam Janssen 0 0 0 -2 0 2 2 0 0 0 0/0 11:27 0:00 0:46
Chris Kreider 0 0 0 1 0 5 3 0 2 0 3/3 14:47 1:47 0:37
Denis Grebeshkov 0 0 0 -2 0 0 1 1 2 0 0/0 25:05 1:16 3:58
Derick Brassard 1 0 1 0 2 3 1 0 1 0 22/32 18:52 2:11 0:00
Hampus Lindholm 0 0 0 -1 0 1 0 1 0 2 0/0 16:11 1:16 0:35
Joni Pitkanen 0 1 1 1 0 1 1 3 0 0 0/0 23:32 2:42 4:47
Kevin Marshall 0 0 0 0 0 1 1 0 0 1 0/0 12:18 0:00 0:00
Lasse Kukkonen 0 1 1 0 0 1 0 0 0 3 0/0 15:21 0:00 3:00
Mason Raymond 0 1 1 0 0 1 0 0 0 0 0/0 8:28 0:00 0:00
Michael Frolik 2 0 2 1 0 7 0 0 0 0 0/0 14:08 1:47 0:00
Mike Green 0 0 0 0 2 0 1 2 1 2 0/0 27:32 2:42 3:20
Peter Regin 0 1 1 1 0 4 0 1 1 0 15/25 19:14 1:47 5:06
Rick Nash 0 0 0 0 6 4 0 0 0 0 0/0 18:52 2:11 0:00
Ryan Johansen 0 0 0 -2 0 2 0 1 1 0 2/4 12:43 0:00 2:04
Tomas Fleischmann 0 0 0 -2 0 0 2 0 0 0 0/0 10:39 0:00 0:00
Tyler Kennedy 1 0 1 0 0 4 0 0 1 0 0/0 10:32 0:00 2:04
Zac Rinaldo 0 0 0 0 0 0 2 2 0 1 1/3 8:28 0:00 0:00
Players Stats for Sharks
Player Name G A P +/- PIM S H SB GA TA FO MP PP MP PK MP
------------------------------------------------------------------------------------
Adam Larsson 0 0 0 -1 0 0 0 0 0 0 0/0 12:30 0:00 0:47
Andrej Sekera 0 1 1 2 0 2 0 1 0 2 0/0 19:34 2:53 1:50
Bobby Butler 0 0 0 0 0 1 1 0 1 1 1/1 13:56 0:00 0:49
Damien Brunner 1 0 1 0 0 2 0 0 1 0 0/0 12:15 0:00 0:00
Frans Nielsen 1 3 4 1 2 6 2 0 1 0 13/30 21:50 4:00 1:20
Justin Faulk 0 0 0 -1 0 0 0 0 0 1 0/0 3:37 0:00 0:14
Kevin Shattenkirk 1 3 4 0 0 5 2 0 0 0 0/0 28:43 4:57 2:08
Luke Adam 0 0 0 0 0 1 2 0 0 0 1/3 6:04 0:00 0:00
Mark Giordano 0 0 0 -1 0 0 0 0 0 0 0/0 11:43 0:00 0:00
Mark Stuart 0 0 0 1 0 1 0 1 0 0 0/0 25:38 4:57 2:08
Martin Erat 0 0 0 0 0 0 1 0 0 0 0/0 6:04 0:00 0:00
Maxim Afinogenov 2 0 2 1 0 4 0 0 0 0 2/4 21:00 4:00 1:07
Maxim Kondratiev 0 0 0 2 2 0 0 0 0 0 0/0 18:15 2:53 0:49
Nick Palmieri 1 1 2 0 0 1 0 1 1 2 0/0 18:34 3:50 1:07
Oskar Osala 0 1 1 0 0 2 1 1 0 3 2/3 17:27 3:50 0:00
Rob Schremp 0 1 1 0 0 1 1 0 2 0 2/8 14:07 0:00 1:29
T.J. Hensick 0 1 1 0 0 3 1 0 1 2 4/14 17:27 3:50 0:00
Ted Purcell 1 2 3 1 0 9 2 2 2 0 0/5 27:16 4:00 2:04
3 Stars
1 - Kevin Shattenkirk (SJS)
2 - Ted Purcell (SJS)
3 - Frans Nielsen (SJS)
Power Play
Blackhawks - 0 on 2 Attempt(s) - 0.00%
Sharks - 2 on 5 Attempt(s) - 40.00%
Penalty Kill
Blackhawks - 3 on 5 Attempt(s) - 60.00%
- Score 0 goal in Penalty Kill
Sharks - 2 on 2 Attempt(s) - 100.00%
- Score 0 goal in Penalty Kill
Team Stat
Blackhawks - Hits : 14 - Faceoff Wins : 43 - Blocked Shots : 12 - Penalty Minutes : 10
Sharks - Hits : 13 - Faceoff Wins : 25 - Blocked Shots : 6 - Penalty Minutes : 4
Official
Referees : Unknown
Linesman : Unknown
Game Notes
No Game Note
Finance
Level 1 -- Attendance: 4293 (71.55%) -- Ticket Income $407,835
Level 2 -- Attendance: 3253 (65.06%) -- Ticket Income $211,445
Level 3 -- Attendance: 1243 (62.15%) -- Ticket Income $55,935
Level 4 -- Attendance: 3541 (88.53%) -- Ticket Income $88,525
Luxury Box -- Attendance: 787 (78.70%) -- Ticket Income $145,595
Game was played at the Hockey Place Center.
Total Attendance: 13117 (72.87%)
Total Ticket Income: $909,335
Other Income: $136,400
Total Income: $1,045,735
Blackhawks
5 vs 5 Forward
Center Left Wing Right Wing Time % Phy DF OF
1 Derick Brassard Antoine Roussel Rick Nash 40 1 2 2
2 Peter Regin Chris Kreider Michael Frolik 30 1 2 2
3 Ryan Johansen Tomas Fleischmann Cam Janssen 20 1 2 2
4 Zac Rinaldo Mason Raymond Tyler Kennedy 10 1 2 2
5 vs 5 Defense
Defense Defense Time % Phy DF OF
1 Mike Green Denis Grebeshkov 40 1 2 2
2 Joni Pitkanen Hampus Lindholm 30 1 2 2
3 Lasse Kukkonen Kevin Marshall 20 1 2 2
4 Mike Green Joni Pitkanen 10 1 2 2
PowerPlay Forward
Center Left Wing Right Wing Time % Phy DF OF
1 Derick Brassard Antoine Roussel Rick Nash 60 1 2 2
2 Peter Regin Chris Kreider Michael Frolik 40 1 2 2
PowerPlay Defense
Defense Defense Time % Phy DF OF
1 Mike Green Joni Pitkanen 60 1 2 2
2 Denis Grebeshkov Hampus Lindholm 40 1 2 2
Penalty Kill 4 Players Forward
Center Wing Time % Phy DF OF
1 Peter Regin Antoine Roussel 60 1 2 2
2 Ryan Johansen Tyler Kennedy 40 1 2 2
Penalty Kill 4 Players Defense
Defense Defense Time % Phy DF OF
1 Mike Green Joni Pitkanen 60 1 2 2
2 Denis Grebeshkov Lasse Kukkonen 40 1 2 2
Penalty Kill - 3 Players Forward
Forward Time % Phy DF OF
1 Peter Regin 60 1 2 2
2 Ryan Johansen 40 1 2 2
Penalty Kill - 3 Players Defense
Defense Defense Time % Phy DF OF
1 Mike Green Joni Pitkanen 60 1 2 2
2 Denis Grebeshkov Lasse Kukkonen 40 1 2 2
4 vs 4 Forward
Center Wing Time % Phy DF OF
1 Rick Nash Derick Brassard 60 1 2 2
2 Antoine Roussel Chris Kreider 40 1 2 2
4 vs 4 Defense
Defense Defense Time % Phy DF OF
1 Mike Green Joni Pitkanen 60 1 2 2
2 Denis Grebeshkov Kevin Marshall 40 1 2 2
Last Minutes Offensive
Center Left Wing Right Wing Defense Defense
Derick Brassard Antoine Roussel Rick Nash Mike Green Joni Pitkanen
Last Minutes Defensive
Center Left Wing Right Wing Defense Defense
Derick Brassard Antoine Roussel Rick Nash Mike Green Joni Pitkanen
Goaltenders
Starting : Jimmy Howard
Backup : Al Montoya
Extra Forwards
Normal : Ryan Johansen, Tomas Fleischmann, Cam Janssen - PP : Ryan Johansen, Tomas Fleischmann - PK : Cam Janssen
Extra Defensemen
Normal : Mike Green, Hampus Lindholm, Denis Grebeshkov - PP : Hampus Lindholm - PK : Mike Green, Denis Grebeshkov
Penalty Shots
Rick Nash, Derick Brassard, Antoine Roussel, Chris Kreider, Michael Frolik
Scratches
None
Sharks
5 vs 5 Forward
Center Left Wing Right Wing Time % Phy DF OF
1 Frans Nielsen Ted Purcell Maxim Afinogenov 40 1 1 3
2 T.J. Hensick Oskar Osala Nick Palmieri 30 1 1 3
3 Rob Schremp Bobby Butler Damien Brunner 20 1 2 2
4 Luke Adam Ted Purcell Martin Erat 10 1 2 2
5 vs 5 Defense
Defense Defense Time % Phy DF OF
1 Kevin Shattenkirk Mark Stuart 40 1 1 3
2 Andrej Sekera Maxim Kondratiev 30 1 2 2
3 Mark Giordano Adam Larsson 20 1 3 1
4 Justin Faulk Kevin Shattenkirk 10 1 2 2
PowerPlay Forward
Center Left Wing Right Wing Time % Phy DF OF
1 Frans Nielsen Ted Purcell Maxim Afinogenov 60 1 1 3
2 T.J. Hensick Oskar Osala Nick Palmieri 40 1 1 3
PowerPlay Defense
Defense Defense Time % Phy DF OF
1 Kevin Shattenkirk Mark Stuart 60 1 1 3
2 Andrej Sekera Maxim Kondratiev 40 1 1 3
Penalty Kill 4 Players Forward
Center Wing Time % Phy DF OF
1 Ted Purcell Frans Nielsen 60 1 4 0
2 Maxim Afinogenov Nick Palmieri 40 1 4 0
Penalty Kill 4 Players Defense
Defense Defense Time % Phy DF OF
1 Kevin Shattenkirk Mark Stuart 60 1 4 0
2 Andrej Sekera Maxim Kondratiev 40 1 4 0
Penalty Kill - 3 Players Forward
Forward Time % Phy DF OF
1 Ted Purcell 60 1 4 0
2 Frans Nielsen 40 1 4 0
Penalty Kill - 3 Players Defense
Defense Defense Time % Phy DF OF
1 Kevin Shattenkirk Mark Stuart 60 1 4 0
2 Andrej Sekera Maxim Kondratiev 40 1 4 0
4 vs 4 Forward
Center Wing Time % Phy DF OF
1 Ted Purcell Frans Nielsen 60 1 2 2
2 Maxim Afinogenov Nick Palmieri 40 1 2 2
4 vs 4 Defense
Defense Defense Time % Phy DF OF
1 Kevin Shattenkirk Mark Stuart 60 1 2 2
2 Andrej Sekera Maxim Kondratiev 40 1 2 2
Last Minutes Offensive
Center Left Wing Right Wing Defense Defense
Frans Nielsen Ted Purcell Maxim Afinogenov Kevin Shattenkirk Mark Stuart
Last Minutes Defensive
Center Left Wing Right Wing Defense Defense
Frans Nielsen Ted Purcell Maxim Afinogenov Kevin Shattenkirk Mark Stuart
Goaltenders
Starting : Brent Krahn
Backup : Tyler Weiman
Extra Forwards
Normal : Damien Brunner, Bobby Butler, Rob Schremp - PP : Damien Brunner, Bobby Butler - PK : Rob Schremp
Extra Defensemen
Normal : Mark Giordano, Adam Larsson, Justin Faulk - PP : Mark Giordano - PK : Adam Larsson, Justin Faulk
Penalty Shots
Ted Purcell, Frans Nielsen, Maxim Afinogenov, Nick Palmieri, T.J. Hensick
Scratches
Brendon Nash (Healthy)
% Time on Ice - Blackhawks
Lines # - Real PCT - Wanted PCT - Time Play
Normal Forward
1 - 35% - 40% - 16:44
2 - 26% - 30% - 12:21
3 - 22% - 20% - 10:39
4 - 18% - 10% - 8:28
Normal Defense
1 - 41% - 40% - 19:46
2 - 29% - 30% - 14:12
3 - 26% - 20% - 12:18
4 - 4% - 10% - 1:56
PP Forward
1 - 55% - 60% - 2:11
2 - 45% - 40% - 1:47
PP Defense
1 - 68% - 60% - 2:42
2 - 32% - 40% - 1:16
PK Forward
1 - 74% - 60% - 5:46
2 - 26% - 40% - 2:04
PK Defense
1 - 62% - 60% - 4:50
2 - 38% - 40% - 3:00
PK3 Forward
1 - 0% - 60%
2 - 0% - 40%
PK3 Defense
1 - 0% - 60%
2 - 0% - 40%
44 Forward
1 - 0% - 60%
2 - 0% - 40%
44 Defense
1 - 0% - 60%
2 - 0% - 40%
Last Minute Offensive - 0:00
Last Minute Defensive - 0:00
Total
Forward - 60:00
Defense - 60:00
|
% Time on Ice - Sharks
Lines # - Real PCT - Wanted PCT - Time Play
Normal Forward
1 - 34% - 40% - 16:32
2 - 28% - 30% - 13:37
3 - 25% - 20% - 11:59
4 - 13% - 10% - 6:04
Normal Defense
1 - 38% - 40% - 18:33
2 - 31% - 30% - 14:51
3 - 24% - 20% - 11:43
4 - 6% - 10% - 3:05
PP Forward
1 - 51% - 60% - 4:00
2 - 49% - 40% - 3:50
PP Defense
1 - 63% - 60% - 4:57
2 - 37% - 40% - 2:53
PK Forward
1 - 72% - 60% - 2:51
2 - 28% - 40% - 1:07
PK Defense
1 - 54% - 60% - 2:08
2 - 46% - 40% - 1:50
PK3 Forward
1 - 0% - 60%
2 - 0% - 40%
PK3 Defense
1 - 0% - 60%
2 - 0% - 40%
44 Forward
1 - 0% - 60%
2 - 0% - 40%
44 Defense
1 - 0% - 60%
2 - 0% - 40%
Last Minute Offensive - 0:00
Last Minute Defensive - 0:00
Total
Forward - 60:00
Defense - 60:00
|
Play by Play
1st period
0:01 of 1st period - Derick Brassard wins face-off versus Maxim Afinogenov in neutral zone.
0:22 of 1st period - Minor Penalty to Frans Nielsen for Holding.
0:23 of 1st period - Derick Brassard wins face-off versus Ted Purcell in Sharks zone.
0:50 of 1st period - Peter Regin is hit by Ted Purcell and loses puck.
2:22 of 1st period - Penalty to Frans Nielsen is over, Frans Nielsen is back on ice.
3:10 of 1st period - Wrist shot by Oskar Osala.
3:10 of 1st period - Shot Blocked by Denis Grebeshkov.
3:19 of 1st period - Off-side.
3:20 of 1st period - Derick Brassard wins face-off versus Luke Adam in neutral zone.
3:27 of 1st period - Snap shot by Antoine Roussel.
3:27 of 1st period - Deflect By Derick Brassard.
3:27 of 1st period - Stopped by Brent Krahn without a rebound.
3:28 of 1st period - Derick Brassard wins face-off versus T.J. Hensick in Sharks zone.
4:14 of 1st period - Peter Regin is hit by Rob Schremp and loses puck.
4:53 of 1st period - Snap shot by Mason Raymond.
4:53 of 1st period - Stopped by Brent Krahn with a rebound.
5:12 of 1st period - Damien Brunner is hit by Chris Kreider and loses puck.
5:33 of 1st period - Snap shot by Rick Nash.
5:33 of 1st period - Stopped by Brent Krahn with a rebound.
5:35 of 1st period - Slapshot by Mike Green.
5:35 of 1st period - Shot Misses the Net.
6:13 of 1st period - Off-side.
6:14 of 1st period - Peter Regin wins face-off versus Luke Adam in neutral zone.
6:23 of 1st period - Ted Purcell is hit by Mike Green and loses puck.
6:30 of 1st period - Denis Grebeshkov is hit by Luke Adam and loses puck.
6:41 of 1st period - Wrist shot by Ted Purcell.
6:41 of 1st period - Stopped by Jimmy Howard with a rebound.
7:01 of 1st period - Snap shot by Luke Adam.
7:01 of 1st period - Stopped by Jimmy Howard without a rebound.
7:02 of 1st period - Oskar Osala wins face-off versus Derick Brassard in Blackhawks zone.
7:39 of 1st period - Wrist shot by T.J. Hensick.
7:39 of 1st period - Shot Blocked by Ryan Johansen.
7:45 of 1st period - Wrist shot by Nick Palmieri.
7:45 of 1st period - Goal by Nick Palmieri - Blackhawks : 0 - Sharks : 1.
7:46 of 1st period - Rob Schremp wins face-off versus Derick Brassard in neutral zone.
8:11 of 1st period - Peter Regin is hit by Kevin Shattenkirk and loses puck.
9:04 of 1st period - Adam Larsson is hit by Tomas Fleischmann.
9:20 of 1st period - Slapshot by Frans Nielsen.
9:20 of 1st period - Stopped by Jimmy Howard with a rebound.
9:30 of 1st period - Snap shot by Antoine Roussel.
9:30 of 1st period - Stopped by Brent Krahn without a rebound.
9:31 of 1st period - T.J. Hensick wins face-off versus Peter Regin in Sharks zone.
9:36 of 1st period - Wrist shot by Michael Frolik.
9:36 of 1st period - Stopped by Brent Krahn with a rebound.
9:38 of 1st period - Wrist shot by Michael Frolik.
9:38 of 1st period - Shot Misses the Net.
11:06 of 1st period - Snap shot by Frans Nielsen.
11:06 of 1st period - Stopped by Jimmy Howard with a rebound.
11:08 of 1st period - Wrist shot by Frans Nielsen.
11:08 of 1st period - Stopped by Jimmy Howard without a rebound.
11:09 of 1st period - Frans Nielsen wins face-off versus Derick Brassard in Blackhawks zone.
11:18 of 1st period - Snap shot by Rick Nash.
11:18 of 1st period - Stopped by Brent Krahn without a rebound.
11:19 of 1st period - Derick Brassard wins face-off versus Frans Nielsen in Sharks zone.
11:32 of 1st period - Slapshot by Antoine Roussel.
11:32 of 1st period - Stopped by Brent Krahn with a rebound.
11:34 of 1st period - Wrist shot by Derick Brassard.
11:34 of 1st period - Shot Blocked by Ted Purcell.
11:36 of 1st period - Snap shot by Rick Nash.
11:36 of 1st period - Stopped by Brent Krahn without a rebound.
11:37 of 1st period - Chris Kreider wins face-off versus Rob Schremp in Sharks zone.
11:40 of 1st period - Snap shot by Peter Regin.
11:40 of 1st period - Stopped by Brent Krahn without a rebound.
11:41 of 1st period - Peter Regin wins face-off versus Rob Schremp in Sharks zone.
12:10 of 1st period - Snap shot by Rick Nash.
12:10 of 1st period - Shot Misses the Net.
12:30 of 1st period - Slapshot by Frans Nielsen.
12:30 of 1st period - Shot Misses the Net.
12:32 of 1st period - Wrist shot by Oskar Osala.
12:32 of 1st period - Deflect By Nick Palmieri.
12:32 of 1st period - Shot Misses the Net.
12:32 of 1st period - Puck is out of play.
12:33 of 1st period - Ryan Johansen wins face-off versus Oskar Osala in Blackhawks zone.
13:07 of 1st period - Off-side.
13:08 of 1st period - Peter Regin wins face-off versus Rob Schremp in neutral zone.
13:39 of 1st period - Snap shot by Maxim Afinogenov.
13:39 of 1st period - Stopped by Jimmy Howard without a rebound.
13:40 of 1st period - Derick Brassard wins face-off versus Frans Nielsen in Blackhawks zone.
14:28 of 1st period - Snap shot by Ted Purcell.
14:28 of 1st period - Stopped by Jimmy Howard with a rebound.
14:30 of 1st period - Snap shot by Andrej Sekera.
14:30 of 1st period - Stopped by Jimmy Howard with a rebound.
14:32 of 1st period - Slapshot by Ted Purcell.
14:32 of 1st period - Shot Misses the Net.
14:58 of 1st period - Wrist shot by Frans Nielsen.
14:58 of 1st period - Deflect By Maxim Afinogenov.
14:58 of 1st period - Shot Hit the Post.
14:58 of 1st period - Puck is out of play.
14:59 of 1st period - Oskar Osala wins face-off versus Derick Brassard in Blackhawks zone.
15:09 of 1st period - Slapshot by Oskar Osala.
15:09 of 1st period - Deflect By Nick Palmieri.
15:09 of 1st period - Shot Misses the Net.
15:09 of 1st period - Puck is out of play.
15:10 of 1st period - Derick Brassard wins face-off versus T.J. Hensick in Blackhawks zone.
15:24 of 1st period - Snap shot by Derick Brassard.
15:24 of 1st period - Shot Blocked by Nick Palmieri.
15:36 of 1st period - T.J. Hensick is hit by Cam Janssen and loses puck.
15:59 of 1st period - Wrist shot by Michael Frolik.
15:59 of 1st period - Goal by Michael Frolik - Blackhawks : 1 - Sharks : 1.
16:00 of 1st period - Maxim Afinogenov wins face-off versus Antoine Roussel in neutral zone.
16:57 of 1st period - Slapshot by Joni Pitkanen.
16:57 of 1st period - Deflect By Nick Palmieri.
16:57 of 1st period - Stopped by Brent Krahn with a rebound.
18:18 of 1st period - Off-side.
18:19 of 1st period - Rob Schremp wins face-off versus Zac Rinaldo in neutral zone.
18:31 of 1st period - Snap shot by Damien Brunner.
18:31 of 1st period - Goal by Damien Brunner - Blackhawks : 1 - Sharks : 2.
18:32 of 1st period - Frans Nielsen wins face-off versus Derick Brassard in neutral zone.
19:02 of 1st period - Minor Penalty to Rick Nash for Hooking.
19:03 of 1st period - Maxim Afinogenov wins face-off versus Peter Regin in Blackhawks zone.
19:43 of 1st period - Slapshot by Oskar Osala.
19:43 of 1st period - Shot Misses the Net.
Goals for this period are 1 for Blackhawks vs 2 for Sharks.
Shots for this period are 11 for Blackhawks vs 10 for Sharks.
2nd period
0:01 of 2nd period - Frans Nielsen wins face-off versus Peter Regin in neutral zone.
0:04 of 2nd period - Slapshot by Kevin Shattenkirk.
0:04 of 2nd period - Shot Blocked by Mike Green.
0:06 of 2nd period - Snap shot by Maxim Afinogenov.
0:06 of 2nd period - Stopped by Jimmy Howard without a rebound.
0:07 of 2nd period - Frans Nielsen wins face-off versus Peter Regin in Blackhawks zone.
0:26 of 2nd period - Snap shot by Ted Purcell.
0:26 of 2nd period - Stopped by Jimmy Howard without a rebound.
0:27 of 2nd period - T.J. Hensick wins face-off versus Peter Regin in Blackhawks zone.
0:36 of 2nd period - Snap shot by Kevin Shattenkirk.
0:36 of 2nd period - Goal by Kevin Shattenkirk - Blackhawks : 1 - Sharks : 3.
0:37 of 2nd period - Chris Kreider wins face-off versus Frans Nielsen in neutral zone.
0:41 of 2nd period - Off-side.
0:42 of 2nd period - Peter Regin wins face-off versus Frans Nielsen in neutral zone.
1:28 of 2nd period - Slapshot by Kevin Shattenkirk.
1:28 of 2nd period - Shot Misses the Net.
1:59 of 2nd period - Snap shot by Michael Frolik.
1:59 of 2nd period - Shot Misses the Net.
2:42 of 2nd period - Snap shot by Damien Brunner.
2:42 of 2nd period - Shot Misses the Net.
2:44 of 2nd period - Wrist shot by Bobby Butler.
2:44 of 2nd period - Deflect By Damien Brunner.
2:44 of 2nd period - Stopped by Jimmy Howard without a rebound.
2:45 of 2nd period - Derick Brassard wins face-off versus Maxim Afinogenov in Blackhawks zone.
2:50 of 2nd period - Mark Giordano is hit by Derick Brassard and loses puck.
2:55 of 2nd period - Wrist shot by Antoine Roussel.
2:55 of 2nd period - Shot Misses the Net.
2:57 of 2nd period - Wrist shot by Derick Brassard.
2:57 of 2nd period - Goal by Derick Brassard - Blackhawks : 2 - Sharks : 3.
2:58 of 2nd period - Derick Brassard wins face-off versus Frans Nielsen in neutral zone.
2:58 of 2nd period - Denis Grebeshkov is hit by Ted Purcell and loses puck.
3:03 of 2nd period - Slapshot by Ted Purcell.
3:03 of 2nd period - Stopped by Jimmy Howard with a rebound.
3:05 of 2nd period - Snap shot by Mark Stuart.
3:05 of 2nd period - Shot Blocked by Mike Green.
3:07 of 2nd period - Wrist shot by Frans Nielsen.
3:07 of 2nd period - Deflect By Ted Purcell.
3:07 of 2nd period - Stopped by Jimmy Howard without a rebound.
3:08 of 2nd period - Derick Brassard wins face-off versus Frans Nielsen in Blackhawks zone.
3:08 of 2nd period - Mike Green is hit by Kevin Shattenkirk and loses puck.
4:17 of 2nd period - Snap shot by Frans Nielsen.
4:17 of 2nd period - Shot Misses the Net.
4:19 of 2nd period - Snap shot by Ted Purcell.
4:19 of 2nd period - Shot Misses the Net.
4:33 of 2nd period - Derick Brassard is hit by Frans Nielsen and loses puck.
4:57 of 2nd period - Snap shot by Frans Nielsen.
4:57 of 2nd period - Deflect By Maxim Afinogenov.
4:57 of 2nd period - Shot Misses the Net.
4:57 of 2nd period - Puck is out of play.
4:58 of 2nd period - Peter Regin wins face-off versus T.J. Hensick in Blackhawks zone.
5:16 of 2nd period - Icing by Andrej Sekera.
5:17 of 2nd period - Ryan Johansen wins face-off versus T.J. Hensick in Sharks zone.
5:54 of 2nd period - Wrist shot by Oskar Osala.
5:54 of 2nd period - Shot Blocked by Zac Rinaldo.
6:07 of 2nd period - Off-side.
6:08 of 2nd period - Peter Regin wins face-off versus Rob Schremp in neutral zone.
6:19 of 2nd period - Wrist shot by Michael Frolik.
6:19 of 2nd period - Stopped by Brent Krahn with a rebound.
6:21 of 2nd period - Snap shot by Peter Regin.
6:21 of 2nd period - Stopped by Brent Krahn without a rebound.
6:22 of 2nd period - Peter Regin wins face-off versus Rob Schremp in Sharks zone.
6:27 of 2nd period - Wrist shot by Chris Kreider.
6:27 of 2nd period - Stopped by Brent Krahn without a rebound.
6:28 of 2nd period - Bobby Butler wins face-off versus Peter Regin in Sharks zone.
6:41 of 2nd period - Wrist shot by Chris Kreider.
6:41 of 2nd period - Stopped by Brent Krahn without a rebound.
6:42 of 2nd period - Peter Regin wins face-off versus Frans Nielsen in Sharks zone.
6:43 of 2nd period - Slapshot by Michael Frolik.
6:43 of 2nd period - Goal by Michael Frolik - Blackhawks : 3 - Sharks : 3.
6:44 of 2nd period - Frans Nielsen wins face-off versus Peter Regin in neutral zone.
6:51 of 2nd period - Slapshot by Michael Frolik.
6:51 of 2nd period - Stopped by Brent Krahn without a rebound.
6:52 of 2nd period - Peter Regin wins face-off versus Frans Nielsen in Sharks zone.
7:09 of 2nd period - Snap shot by Ted Purcell.
7:09 of 2nd period - Stopped by Jimmy Howard with a rebound.
7:11 of 2nd period - Snap shot by Kevin Shattenkirk.
7:11 of 2nd period - Stopped by Jimmy Howard with a rebound.
7:13 of 2nd period - Snap shot by Frans Nielsen.
7:13 of 2nd period - Shot Blocked by Joni Pitkanen.
7:15 of 2nd period - Snap shot by Kevin Shattenkirk.
7:15 of 2nd period - Stopped by Jimmy Howard with a rebound.
7:27 of 2nd period - Slapshot by Kevin Shattenkirk.
7:27 of 2nd period - Stopped by Jimmy Howard without a rebound.
7:28 of 2nd period - T.J. Hensick wins face-off versus Derick Brassard in Blackhawks zone.
8:21 of 2nd period - Snap shot by Tyler Kennedy.
8:21 of 2nd period - Stopped by Brent Krahn with a rebound.
8:41 of 2nd period - Snap shot by Kevin Shattenkirk.
8:41 of 2nd period - Stopped by Jimmy Howard without a rebound.
8:42 of 2nd period - Derick Brassard wins face-off versus Rob Schremp in Blackhawks zone.
9:09 of 2nd period - Damien Brunner is hit by Cam Janssen and loses puck.
9:18 of 2nd period - Slapshot by Joni Pitkanen.
9:18 of 2nd period - Shot Hit the Post.
9:20 of 2nd period - Slapshot by Hampus Lindholm.
9:20 of 2nd period - Shot Misses the Net.
9:22 of 2nd period - Snap shot by Cam Janssen.
9:22 of 2nd period - Stopped by Brent Krahn with a rebound.
9:40 of 2nd period - Wrist shot by Ted Purcell.
9:40 of 2nd period - Shot Misses the Net.
11:03 of 2nd period - Snap shot by Ted Purcell.
11:03 of 2nd period - Shot Misses the Net.
11:05 of 2nd period - Minor Penalty to Mike Green for Tripping.
11:06 of 2nd period - Peter Regin wins face-off versus T.J. Hensick in Blackhawks zone.
11:21 of 2nd period - Snap shot by T.J. Hensick.
11:21 of 2nd period - Stopped by Jimmy Howard without a rebound.
11:22 of 2nd period - T.J. Hensick wins face-off versus Peter Regin in Blackhawks zone.
11:29 of 2nd period - Backhand shot by Kevin Shattenkirk.
11:29 of 2nd period - Shot Blocked by Peter Regin.
11:31 of 2nd period - Slapshot by T.J. Hensick.
11:31 of 2nd period - Stopped by Jimmy Howard with a rebound.
11:33 of 2nd period - Wrist shot by Mark Stuart.
11:33 of 2nd period - Stopped by Jimmy Howard without a rebound.
11:34 of 2nd period - Frans Nielsen wins face-off versus Peter Regin in Blackhawks zone.
13:05 of 2nd period - Penalty to Mike Green is over, Mike Green is back on ice.
14:14 of 2nd period - Tomas Fleischmann is hit by Bobby Butler and loses puck.
14:37 of 2nd period - Minor Penalty to Maxim Kondratiev for Holding.
14:38 of 2nd period - Derick Brassard wins face-off versus Ted Purcell in Sharks zone.
14:52 of 2nd period - Off-side.
14:53 of 2nd period - Derick Brassard wins face-off versus Ted Purcell in neutral zone.
15:07 of 2nd period - Snap shot by Rick Nash.
15:07 of 2nd period - Stopped by Brent Krahn without a rebound.
15:08 of 2nd period - Derick Brassard wins face-off versus Ted Purcell in Sharks zone.
16:37 of 2nd period - Penalty to Maxim Kondratiev is over, Maxim Kondratiev is back on ice.
17:07 of 2nd period - Snap shot by Tyler Kennedy.
17:07 of 2nd period - Goal by Tyler Kennedy - Blackhawks : 4 - Sharks : 3.
17:08 of 2nd period - Derick Brassard wins face-off versus Frans Nielsen in neutral zone.
17:43 of 2nd period - Backhand shot by Chris Kreider.
17:43 of 2nd period - Shot Misses the Net.
18:18 of 2nd period - Backhand shot by Tyler Kennedy.
18:18 of 2nd period - Shot Hit the Post.
18:20 of 2nd period - Wrist shot by Lasse Kukkonen.
18:20 of 2nd period - Shot Blocked by Andrej Sekera.
18:22 of 2nd period - Wrist shot by Mason Raymond.
18:22 of 2nd period - Shot Misses the Net.
18:24 of 2nd period - Slapshot by Lasse Kukkonen.
18:24 of 2nd period - Stopped by Brent Krahn with a rebound.
18:26 of 2nd period - Slapshot by Tyler Kennedy.
18:26 of 2nd period - Stopped by Brent Krahn without a rebound.
18:27 of 2nd period - Derick Brassard wins face-off versus T.J. Hensick in Sharks zone.
18:43 of 2nd period - Slapshot by Hampus Lindholm.
18:43 of 2nd period - Shot Misses the Net.
18:53 of 2nd period - Oskar Osala is hit by Joni Pitkanen and loses puck.
19:10 of 2nd period - Snap shot by T.J. Hensick.
19:10 of 2nd period - Stopped by Jimmy Howard without a rebound.
19:11 of 2nd period - Frans Nielsen wins face-off versus Derick Brassard in Blackhawks zone.
19:26 of 2nd period - Slapshot by Ted Purcell.
19:26 of 2nd period - Shot Blocked by Antoine Roussel.
19:46 of 2nd period - Snap shot by Rob Schremp.
19:46 of 2nd period - Deflect By Bobby Butler.
19:46 of 2nd period - Stopped by Jimmy Howard without a rebound.
19:47 of 2nd period - Peter Regin wins face-off versus Frans Nielsen in Blackhawks zone.
Goals for this period are 3 for Blackhawks vs 1 for Sharks.
Shots for this period are 13 for Blackhawks vs 16 for Sharks.
3rd period
0:01 of 3rd period - Frans Nielsen wins face-off versus Derick Brassard in neutral zone.
0:32 of 3rd period - Slapshot by Oskar Osala.
0:32 of 3rd period - Stopped by Jimmy Howard with a rebound.
0:58 of 3rd period - Wrist shot by Rob Schremp.
0:58 of 3rd period - Stopped by Jimmy Howard with a rebound.
1:16 of 3rd period - Snap shot by Ted Purcell.
1:16 of 3rd period - Deflect By Luke Adam.
1:16 of 3rd period - Shot Blocked by Zac Rinaldo.
1:16 of 3rd period - Puck is out of play.
1:17 of 3rd period - Luke Adam wins face-off versus Zac Rinaldo in Blackhawks zone.
1:24 of 3rd period - Ted Purcell is hit by Zac Rinaldo and loses puck.
2:04 of 3rd period - Adam Larsson is hit by Chris Kreider and loses puck.
2:11 of 3rd period - Wrist shot by Chris Kreider.
2:11 of 3rd period - Shot Misses the Net.
2:13 of 3rd period - Snap shot by Chris Kreider.
2:13 of 3rd period - Shot Misses the Net.
2:23 of 3rd period - Bobby Butler is hit by Tomas Fleischmann and loses puck.
2:47 of 3rd period - Off-side.
2:48 of 3rd period - Frans Nielsen wins face-off versus Derick Brassard in neutral zone.
3:21 of 3rd period - Snap shot by Michael Frolik.
3:21 of 3rd period - Stopped by Brent Krahn with a rebound.
3:23 of 3rd period - Wrist shot by Peter Regin.
3:23 of 3rd period - Stopped by Brent Krahn without a rebound.
3:24 of 3rd period - Frans Nielsen wins face-off versus Derick Brassard in Sharks zone.
4:28 of 3rd period - Snap shot by Ryan Johansen.
4:28 of 3rd period - Stopped by Brent Krahn with a rebound.
4:40 of 3rd period - Kevin Marshall is hit by Martin Erat and loses puck.
4:47 of 3rd period - Snap shot by Ted Purcell.
4:47 of 3rd period - Stopped by Jimmy Howard without a rebound.
4:48 of 3rd period - Derick Brassard wins face-off versus T.J. Hensick in Blackhawks zone.
5:21 of 3rd period - Wrist shot by Ted Purcell.
5:21 of 3rd period - Stopped by Jimmy Howard without a rebound.
5:22 of 3rd period - Peter Regin wins face-off versus Frans Nielsen in Blackhawks zone.
5:27 of 3rd period - Wrist shot by Peter Regin.
5:27 of 3rd period - Shot Blocked by Mark Stuart.
5:55 of 3rd period - Slapshot by Oskar Osala.
5:55 of 3rd period - Stopped by Jimmy Howard without a rebound.
5:56 of 3rd period - Derick Brassard wins face-off versus T.J. Hensick in Blackhawks zone.
6:01 of 3rd period - Wrist shot by Oskar Osala.
6:01 of 3rd period - Shot Misses the Net.
6:11 of 3rd period - Snap shot by Derick Brassard.
6:11 of 3rd period - Stopped by Brent Krahn with a rebound.
6:13 of 3rd period - Snap shot by Rick Nash.
6:13 of 3rd period - Shot Blocked by Oskar Osala.
6:27 of 3rd period - Slapshot by Frans Nielsen.
6:27 of 3rd period - Stopped by Jimmy Howard with a rebound.
6:29 of 3rd period - Wrist shot by Maxim Afinogenov.
6:29 of 3rd period - Goal by Maxim Afinogenov - Blackhawks : 4 - Sharks : 4.
6:30 of 3rd period - Derick Brassard wins face-off versus Ted Purcell in neutral zone.
6:32 of 3rd period - Minor Penalty to Rick Nash for Roughing.
6:33 of 3rd period - Peter Regin wins face-off versus Frans Nielsen in Blackhawks zone.
7:11 of 3rd period - Snap shot by Ryan Johansen.
7:11 of 3rd period - Stopped by Brent Krahn with a rebound.
8:26 of 3rd period - Maxim Afinogenov is hit by Chris Kreider and loses puck.
8:32 of 3rd period - Penalty to Rick Nash is over, Rick Nash is back on ice.
9:23 of 3rd period - Wrist shot by Michael Frolik.
9:23 of 3rd period - Shot Misses the Net.
9:25 of 3rd period - Slapshot by Kevin Marshall.
9:25 of 3rd period - Stopped by Brent Krahn with a rebound.
9:27 of 3rd period - Slapshot by Lasse Kukkonen.
9:27 of 3rd period - Shot Misses the Net.
10:35 of 3rd period - Rob Schremp is hit by Zac Rinaldo and loses puck.
10:54 of 3rd period - Wrist shot by Cam Janssen.
10:54 of 3rd period - Stopped by Brent Krahn with a rebound.
11:04 of 3rd period - Minor Penalty to Rick Nash for Interference.
11:05 of 3rd period - Peter Regin wins face-off versus T.J. Hensick in Blackhawks zone.
11:18 of 3rd period - Slapshot by Kevin Shattenkirk.
11:18 of 3rd period - Shot Blocked by Joni Pitkanen.
11:47 of 3rd period - Andrej Sekera is hit by Denis Grebeshkov.
12:02 of 3rd period - Wrist shot by Ryan Johansen.
12:02 of 3rd period - Deflect By Tyler Kennedy.
12:02 of 3rd period - Shot Misses the Net.
12:02 of 3rd period - Puck is out of play.
12:03 of 3rd period - Frans Nielsen wins face-off versus Ryan Johansen in Sharks zone.
12:49 of 3rd period - Denis Grebeshkov is hit by Frans Nielsen and loses puck.
13:04 of 3rd period - Penalty to Rick Nash is over, Rick Nash is back on ice.
13:26 of 3rd period - Ryan Johansen is hit by Luke Adam and loses puck.
13:58 of 3rd period - Minor Penalty to Derick Brassard for Cross-checking.
13:59 of 3rd period - Peter Regin wins face-off versus T.J. Hensick in Blackhawks zone.
14:13 of 3rd period - Slapshot by Andrej Sekera.
14:13 of 3rd period - Stopped by Jimmy Howard without a rebound.
14:14 of 3rd period - Frans Nielsen wins face-off versus Peter Regin in Blackhawks zone.
14:17 of 3rd period - Snap shot by Ted Purcell.
14:17 of 3rd period - Goal by Ted Purcell - Blackhawks : 4 - Sharks : 5.
14:18 of 3rd period - Derick Brassard wins face-off versus Frans Nielsen in neutral zone.
14:30 of 3rd period - Wrist shot by Frans Nielsen.
14:30 of 3rd period - Goal by Frans Nielsen - Blackhawks : 4 - Sharks : 6.
14:31 of 3rd period - Derick Brassard wins face-off versus Frans Nielsen in neutral zone.
14:36 of 3rd period - Wrist shot by Antoine Roussel.
14:36 of 3rd period - Shot Misses the Net.
14:58 of 3rd period - Denis Grebeshkov is hit by Oskar Osala and loses puck.
15:31 of 3rd period - Wrist shot by Tyler Kennedy.
15:31 of 3rd period - Stopped by Brent Krahn with a rebound.
16:08 of 3rd period - Mike Green is hit by T.J. Hensick and loses puck.
16:47 of 3rd period - Wrist shot by Chris Kreider.
16:47 of 3rd period - Stopped by Brent Krahn with a rebound.
16:49 of 3rd period - Slapshot by Peter Regin.
16:49 of 3rd period - Stopped by Brent Krahn with a rebound.
16:53 of 3rd period - Wrist shot by Chris Kreider.
16:53 of 3rd period - Stopped by Brent Krahn without a rebound.
16:54 of 3rd period - Chris Kreider wins face-off versus Frans Nielsen in Sharks zone.
16:59 of 3rd period - Snap shot by Michael Frolik.
16:59 of 3rd period - Shot Misses the Net.
17:01 of 3rd period - Snap shot by Joni Pitkanen.
17:01 of 3rd period - Shot Blocked by Ted Purcell.
17:03 of 3rd period - Snap shot by Chris Kreider.
17:03 of 3rd period - Stopped by Brent Krahn with a rebound.
17:05 of 3rd period - Slapshot by Hampus Lindholm.
17:05 of 3rd period - Stopped by Brent Krahn without a rebound.
17:06 of 3rd period - Frans Nielsen wins face-off versus Ryan Johansen in Sharks zone.
17:19 of 3rd period - Snap shot by Frans Nielsen.
17:19 of 3rd period - Stopped by Jimmy Howard with a rebound.
17:21 of 3rd period - Snap shot by Maxim Afinogenov.
17:21 of 3rd period - Shot Misses the Net.
17:23 of 3rd period - Wrist shot by Maxim Afinogenov.
17:23 of 3rd period - Goal by Maxim Afinogenov - Blackhawks : 4 - Sharks : 7.
17:24 of 3rd period - Derick Brassard wins face-off versus Frans Nielsen in neutral zone.
17:56 of 3rd period - Snap shot by Oskar Osala.
17:56 of 3rd period - Shot Blocked by Hampus Lindholm.
18:22 of 3rd period - Snap shot by Damien Brunner.
18:22 of 3rd period - Shot Blocked by Joni Pitkanen.
18:55 of 3rd period - Snap shot by Nick Palmieri.
18:55 of 3rd period - Deflect By T.J. Hensick.
18:55 of 3rd period - Shot Misses the Net.
18:55 of 3rd period - Puck is out of play.
18:56 of 3rd period - Zac Rinaldo wins face-off versus Frans Nielsen in Blackhawks zone.
19:26 of 3rd period - Oskar Osala is hit by Kevin Marshall.
19:46 of 3rd period - Wrist shot by Michael Frolik.
19:46 of 3rd period - Stopped by Brent Krahn with a rebound.
Goals for this period are 0 for Blackhawks vs 4 for Sharks.
Shots for this period are 14 for Blackhawks vs 12 for Sharks.
Back to the Top